Map: [ESL] Hecate

Players

ShoWTimE - Winner!

  • Race: Protoss Protoss
  • Spawn Location: 1:00

HeroMarine

  • Race: Terran Terran
  • Spawn Location: 7:00

Event: ESL SC2 Masters 2023 Winter (Regional)

VOD

Have the link to the VOD?

Description

Time

  • Played on: Nov. 18, 2023, 9:56 a.m.
  • Length: 20:37

All games in this series

Show
View Real Time Build Order
Export as new Build Order

ShoWTimE Protoss - Winner!

Build Orders: 1 Gate Expand, Blink Stalkers 

Get SALT Encoding   

  12  0:08  Pylon  
  12  0:12  Probe  
  13  0:26  Gateway  
  13  0:29  Probe (Chrono Boost)  
  14  0:39  Assimilator, Probe (Chrono Boost)  
  15  0:44  Probe (Chrono Boost)  
  16  0:55  Probe  
  17  1:08  Probe  
  18  1:13  Cybernetics Core  
  18  1:20  Probe  
  19  1:31  Nexus  
  19  1:34  Probe  
  20  1:42  Pylon  
  20  1:46  Adept (Chrono Boost)  
  21  1:51  Probe  
  23  1:56  Assimilator  
  23  2:02  Warp Gate  
  23  2:03  Probe  
  23  2:07  Adept (Chrono Boost)  
  24  2:15  Probe  
  27  2:27  Probe  
  27  2:29  Stalker (Chrono Boost)  
  28  2:36  Twilight Council  
  30  2:39  Probe  
  31  2:47  Probe  
  31  2:51  Probe  
  32  2:59  Probe  
  32  3:03  Probe  
  34  3:11  Blink (Chrono Boost), Probe  
  35  3:14  Gateway  
  35  3:16  Probe  
  36  3:23  Probe  
  37  3:28  Probe  
  37  3:31  Robotics Facility  
  38  3:35  Probe  
  38  3:40  Probe  
  38  3:47  Probe  
  39  3:52  Probe  
  39  3:53  Stalker  
  42  4:00  Gateway, Probe  
  43  4:06  Gateway  
  43  4:08  Probe  
  42  4:10  Stalker  
  42  4:11  Pylon  
  44  4:19  Warp Prism (Chrono Boost)  
  44  4:20  Pylon  
  46  4:29  Probe  
  47  4:33  Stalker x2  
  51  4:38  Pylon  
  51  4:39  Assimilator, Probe  
  52  4:47  Probe  
  53  4:57  Stalker  
  55  5:10  Nexus  
  55  5:11  Stalker x3  
  61  5:17  Probe  
  62  5:26  Probe  
  63  5:29  Stalker, Probe  
  63  5:34  Robotics Bay  
  66  5:37  Pylon  
  64  5:43  Stalker x3  
  70  5:52  Pylon  
  70  5:53  Pylon  
  70  5:55  Probe  
  70  5:56  Observer, Probe  
  69  6:08  Probe x2  
  69  6:09  Assimilator, Forge  
  69  6:11  Charge (Chrono Boost), Pylon  
  71  6:20  Probe x2 (Chrono Boost)  
  71  6:22  Probe (Chrono Boost)  
  71  6:23  Colossus (Chrono Boost)  
  74  6:27  Shield Battery  
  74  6:31  Probe x3 (Chrono Boost)  
  83  6:35  Probe x2 (Chrono Boost)  
  83  6:36  Probe (Chrono Boost)  
  83  6:38  Sentry  
  88  6:46  Sentry, Probe x2  
  92  6:48  Probe  
  93  6:55  Protoss Ground Weapons Level 1  
  93  6:57  Pylon  
  93  6:58  Probe  
  94  7:01  Gateway  
  94  7:02  Gateway  
  94  7:05  Probe x2  
  94  7:08  Pylon  
  96  7:09  Colossus (Chrono Boost)  
  96  7:10  Probe  
  103  7:17  Probe  
  103  7:18  Zealot x3  
  110  7:22  Extended Thermal Lance  
  110  7:27  Gateway  
  110  7:28  Gateway  
  110  7:36  Pylon  
  110  7:40  Nexus  
  110  7:45  Observer  
  110  7:47  Zealot x2, Pylon  
  114  7:51  Zealot x2  
  114  7:54  Colossus (Chrono Boost)  
  114  7:56  Pylon  
  124  8:06  Probe  
  124  8:07  Probe x2  
  125  8:16  Zealot x6  
  125  8:19  Probe x2  
  133  8:25  Probe  
  128  8:29  Shield Battery  
  128  8:31  Probe  
  121  8:36  Observer  
  121  8:37  Pylon  
  121  8:40  Zealot x6  
  131  8:45  Disruptor (Chrono Boost)  
  131  8:47  Probe x2  
  129  8:50  Robotics Facility  
  129  8:52  Sentry, Zealot  
  137  9:06  Protoss Ground Weapons Level 2 (Chrono Boost)  
  137  9:08  Pylon  
  137  9:15  Pylon  
  137  9:16  Forge  
  137  9:19  Zealot x8  
  137  9:20  Disruptor (Chrono Boost)  
  137  9:23  Pylon  
  145  9:33  Photon Cannon  
  145  9:34  Photon Cannon  
  145  9:36  Shield Battery  
  148  9:39  Disruptor (Chrono Boost)  
  148  9:44  Protoss Ground Armor Level 1 (Chrono Boost)  
  148  9:46  Zealot  
  148  9:49  Disruptor (Chrono Boost)  
  153  9:56  Zealot x7  
  167  10:03  Disruptor  
  167  10:04  Pylon  
  171  10:12  Nexus  
  165  10:17  Stalker x3  
  171  10:23  Zealot x4  
  171  10:27  Disruptor (Chrono Boost)  
  175  10:34  Zealot  
  151  10:36  Colossus (Chrono Boost)  
  137  10:43  Zealot x7  
  137  10:46  Zealot x7  
  117  10:58  Disruptor (Chrono Boost)  
  103  11:10  Zealot x8  
  108  11:22  Shield Battery  
  108  11:23  Disruptor (Chrono Boost)  
  108  11:25  Disruptor (Chrono Boost)  
  112  11:31  Shield Battery  
  116  11:33  Probe  
  116  11:35  Zealot  
  116  11:36  Nexus  
  116  11:37  Sentry, Zealot  
  116  11:38  Zealot x5  
  133  11:44  Probe x2  
  133  11:46  Disruptor (Chrono Boost), Pylon  
  135  11:49  Disruptor (Chrono Boost)  
  135  11:52  Probe x2  
  145  11:56  Protoss Ground Armor Level 2 (Chrono Boost), Probe  
  144  12:03  Zealot x5  
  144  12:04  Zealot  
  144  12:08  Zealot x2  
  160  12:13  Photon Cannon  
  159  12:27  Shield Battery, Probe  
  159  12:28  Probe x3  
  163  12:32  Photon Cannon, Stalker x4  
  171  12:37  Protoss Ground Weapons Level 3 (Chrono Boost)  
  171  12:41  Pylon  
  171  12:42  Pylon  
  161  12:57  Nexus  
  157  13:02  Zealot x8  
  173  13:09  Disruptor (Chrono Boost), Photon Cannon  
  173  13:10  Warp Prism (Chrono Boost)  
  173  13:12  Pylon  
  173  13:18  Probe x2  
  173  13:19  Probe  
  182  13:21  Pylon  
  180  13:30  Zealot x7  
  194  13:37  Stalker  
  188  13:54  Zealot x7  
  176  14:08  Zealot  
  170  14:16  Stalker x7  
  156  14:28  Zealot, Colossus (Chrono Boost)  
  156  14:29  Colossus (Chrono Boost)  
  130  14:33  Probe  
  133  14:42  Nexus  
  133  14:44  Zealot x7  
  135  14:48  Assimilator  
  135  14:50  Assimilator  
  131  14:53  Probe x2  
  131  14:59  Pylon  
  133  15:01  Zealot  
  133  15:06  Sentry  
  133  15:07  Zealot x6  
  141  15:12  Disruptor x2 (Chrono Boost)  
  156  15:15  Assimilator  
  156  15:17  Assimilator, Probe  
  156  15:18  Probe x2  
  151  15:35  Protoss Ground Armor Level 3 (Chrono Boost)  
  151  15:36  Zealot x8  
  151  15:38  Disruptor (Chrono Boost)  
  151  15:40  Photon Cannon  
  151  15:42  Shield Battery  
  171  15:47  Observer (Chrono Boost)  
  172  15:54  Shield Battery  
  172  15:56  Zealot, Pylon  
  174  15:57  Zealot  
  174  16:00  Observer (Chrono Boost)  
  174  16:01  Zealot  
  174  16:02  Zealot  
  181  16:10  Disruptor (Chrono Boost), Pylon  
  185  16:20  Assimilator, Stalker x4  
  185  16:22  Assimilator  
  192  16:29  Stalker x2  
  192  16:30  Stalker x2  
  192  16:32  Protoss Shields Level 1 (Chrono Boost)  
  200  16:47  Nexus, Dark Shrine  
  200  16:49  Pylon  
  200  16:51  Photon Cannon  
  200  16:52  Shield Battery  
  200  17:00  Zealot x6  
  200  17:04  Zealot x2  
  198  17:21  Gateway  
  198  17:22  Gateway  
  198  17:26  Gateway  
  198  17:30  Gateway, Photon Cannon  
  198  17:32  Shield Battery  
  198  17:34  Pylon  
  198  17:38  Nexus  
  198  17:41  Pylon  
  198  17:43  Zealot x2  
  198  17:57  Disruptor x2 (Chrono Boost)  
  196  18:07  Assimilator  
  196  18:09  Assimilator  
  196  18:10  Dark Templar x2  
  200  18:14  Photon Cannon  
  185  18:22  Dark Templar x2  
  183  18:54  Disruptor x2 (Chrono Boost)  
  181  18:58  Zealot x3  
  191  19:23  Nexus  
  177  19:32  Zealot x11, Disruptor (Chrono Boost)  
  177  19:33  Disruptor (Chrono Boost)  
  177  19:36  Zealot  
  123  19:52  Stalker x4  
  111  19:53  Zealot x6, Stalker  
  111  19:59  Stalker  
  113  20:14  Zealot x6  
  105  20:15  Dark Templar x2  
  103  20:22  Stalker x2  
  103  20:23  Zealot x2  
Show
View Real Time Build Order
Export as new Build Order

HeroMarine Terran 

Build Orders: Reaper Expand 

Get SALT Encoding   

  12  0:00  SCV  
  13  0:12  SCV  
  14  0:16  Supply Depot  
  14  0:24  SCV  
  15  0:38  SCV  
  15  0:40  Barracks  
  16  0:43  Refinery  
  16  0:50  SCV  
  17  1:02  SCV  
  18  1:14  SCV  
  19  1:27  Orbital Command, Reaper  
  20  1:37  Command Center  
  20  1:46  Supply Depot  
  20  1:52  SCV  
  21  1:59  Barracks Reactor  
  21  2:04  SCV  
  22  2:16  SCV  
  22  2:22  Command Center  
  23  2:29  SCV  
  24  2:30  Barracks  
  24  2:35  Marine x2  
  26  2:41  SCV  
  27  2:47  Barracks  
  27  2:53  SCV, Marine x2  
  30  3:05  SCV  
  30  3:11  Marine  
  31  3:19  Barracks Tech Lab  
  31  3:28  Marine x2  
  31  3:29  Orbital Command, SCV  
  33  3:34  Barracks Tech Lab  
  33  3:39  Marine  
  32  3:41  Stimpack  
  32  3:42  Orbital Command  
  32  3:43  SCV  
  32  3:46  Marine x2  
  33  3:53  Marine  
  33  3:55  SCV  
  34  3:56  SCV  
  34  4:01  Marauder  
  36  4:04  Combat Shield  
  36  4:05  Marine x2  
  36  4:07  SCV  
  36  4:08  SCV x2  
  40  4:12  Marauder  
  40  4:15  Refinery  
  41  4:19  SCV  
  41  4:22  SCV, Marine  
  41  4:23  Marine x2, SCV  
  46  4:31  SCV  
  46  4:34  SCV, Marauder  
  46  4:35  SCV  
  50  4:40  Marine x2  
  50  4:41  Bunker, Marine  
  53  4:47  SCV x2, Supply Depot  
  53  4:48  SCV  
  53  4:54  Marine  
  53  4:57  Factory  
  53  4:58  Marauder  
  53  4:59  SCV  
  57  5:00  SCV x2  
  57  5:04  Marine  
  57  5:06  Bunker  
  59  5:08  Marine  
  59  5:11  SCV  
  59  5:12  SCV  
  59  5:13  Marauder, SCV  
  64  5:19  Marauder  
  62  5:22  Marine  
  62  5:26  Marine  
  62  5:27  Refinery, Engineering Bay  
  62  5:30  SCV  
  62  5:32  SCV  
  62  5:34  Marauder, SCV  
  67  5:40  Marine  
  67  5:41  Marauder  
  67  5:42  SCV  
  67  5:43  Marine  
  69  5:53  Terran Infantry Weapons Level 1, Supply Depot  
  69  5:54  Supply Depot  
  69  5:56  SCV  
  69  5:58  Refinery  
  69  6:05  Factory Reactor, Starport  
  69  6:06  Marine  
  69  6:07  Concussive Shells, Marauder, SCV  
  69  6:08  Marauder  
  69  6:10  Barracks  
  69  6:11  Barracks  
  75  6:12  SCV  
  75  6:15  Missile Turret  
  75  6:17  SCV  
  77  6:19  SCV  
  77  6:22  Supply Depot, Marine  
  77  6:24  SCV, Marine  
  81  6:29  Marauder, SCV  
  81  6:30  Marauder  
  86  6:36  SCV  
  86  6:38  Supply Depot  
  87  6:41  SCV  
  87  6:42  Orbital Command  
  88  6:49  SCV  
  88  6:50  Marauder, Marine x2  
  88  6:51  Marauder  
  95  6:59  SCV  
  95  7:00  Medivac x2  
  95  7:01  Barracks Reactor, SCV  
  101  7:02  Barracks Tech Lab  
  101  7:05  Supply Depot  
  101  7:08  SCV  
  102  7:11  SCV  
  102  7:12  Marauder  
  102  7:13  SCV  
  106  7:18  Factory Reactor  
  106  7:20  Refinery  
  106  7:21  Refinery, Starport  
  109  7:27  Supply Depot  
  109  7:28  Supply Depot  
  109  7:29  SCV x3  
  107  7:30  Supply Depot  
  107  7:33  Medivac x2  
  111  7:37  Ghost Academy  
  111  7:41  SCV x3  
  112  7:50  Marauder  
  112  7:51  Marine x4, Marauder x2  
  119  7:52  Missile Turret  
  119  7:53  SCV  
  119  7:57  SCV x2  
  119  7:58  Supply Depot  
  125  7:59  Supply Depot  
  125  8:03  Viking x2  
  129  8:05  Viking, SCV  
  128  8:13  Medivac  
  128  8:16  Marauder  
  128  8:17  Marine x2  
  128  8:18  Marine x2  
  128  8:19  Marauder  
  138  8:20  Marauder  
  138  8:26  SCV x3  
  136  8:33  Viking x2  
  136  8:39  Viking  
  138  8:43  Viking  
  138  8:48  Ghost x2  
  140  8:51  Bunker  
  140  8:53  Ghost  
  140  8:54  Supply Depot  
  145  8:55  Marine x2  
  145  8:56  Marine  
  145  8:58  Marine  
  145  9:02  Supply Depot  
  149  9:03  Supply Depot  
  149  9:06  Viking x2  
  153  9:11  Viking  
  155  9:20  SCV x3  
  155  9:25  Marauder x2  
  155  9:27  Marauder  
  155  9:28  Viking  
  155  9:31  Marine x2  
  164  9:36  Viking  
  164  9:37  Viking  
  168  9:42  Armory  
  168  9:43  Viking  
  168  9:44  Engineering Bay  
  170  9:58  Command Center, Ghost  
  172  10:03  Ghost x2  
  176  10:13  Viking  
  171  10:16  Viking x2  
  171  10:20  Viking  
  175  10:34  Marauder x2  
  148  10:35  Marauder  
  145  10:43  Medivac  
  145  10:45  Marine  
  145  10:46  Medivac x2  
  148  10:51  Terran Infantry Armor Level 1  
  148  10:55  Marauder x2  
  140  11:01  Marauder  
  125  11:07  Marine x2  
  125  11:10  Terran Infantry Weapons Level 2  
  121  11:12  Marine x2  
  121  11:17  Marauder x2  
  123  11:23  Marauder  
  123  11:25  Medivac, Marine x2  
  123  11:26  Medivac  
  123  11:28  Barracks, Medivac  
  123  11:29  Barracks  
  123  11:30  Medivac  
  123  11:32  SCV  
  132  11:34  SCV x2  
  132  11:37  Missile Turret  
  134  11:44  SCV  
  134  11:46  SCV x2  
  137  11:48  Ghost x2  
  137  11:50  Marauder, Marine x4  
  147  11:55  Planetary Fortress, Missile Turret  
  147  11:56  SCV  
  147  11:58  SCV  
  147  11:59  SCV  
  150  12:08  SCV, Marine x4  
  152  12:11  Marauder, SCV x2  
  152  12:12  Missile Turret  
  159  12:17  Marauder  
  159  12:20  Marine  
  154  12:23  Barracks Tech Lab  
  154  12:25  Barracks, Marine x2  
  154  12:26  Marine x2  
  156  12:32  Command Center, Ghost  
  158  12:37  Ghost  
  158  12:38  Ghost  
  158  12:41  Sensor Tower  
  158  12:44  Marine x2, Marauder  
  163  12:45  Barracks Reactor  
  154  12:57  Viking x3  
  158  13:01  Viking, Marauder  
  158  13:05  Marauder  
  164  13:07  Marauder x2  
  164  13:08  Marine x2  
  164  13:09  Marine  
  171  13:16  Barracks Tech Lab  
  171  13:17  Supply Depot  
  171  13:23  Marauder  
  171  13:25  Marine x2  
  171  13:26  Marauder  
  171  13:27  Viking x3  
  177  13:28  Marauder x2  
  177  13:30  Viking  
  184  13:44  Marauder  
  184  13:53  Marauder  
  184  13:54  Marauder  
  167  13:56  Marauder, Marine x2  
  167  13:57  Viking, Marauder  
  166  14:05  Marauder  
  166  14:06  Marine x4  
  165  14:14  Marauder, Marine x2  
  165  14:16  Marauder  
  169  14:17  Marauder  
  169  14:18  Marauder  
  169  14:24  Marine x4  
  157  14:27  Marauder  
  131  14:31  Marine  
  131  14:32  Marine  
  131  14:35  Marauder  
  131  14:37  Marauder  
  127  14:39  Marauder x2  
  127  14:41  Marine  
  127  14:42  Marine x2  
  131  14:48  Marauder  
  131  14:51  Marine  
  134  14:56  Terran Infantry Armor Level 2, Terran Infantry Weapons Level 3  
  134  14:57  Marauder  
  138  15:00  Marauder  
  138  15:01  Marauder  
  138  15:04  Marauder  
  138  15:05  Marine  
  143  15:10  Marauder  
  145  15:16  Marine  
  145  15:17  Marine  
  145  15:18  Marine, Marauder  
  150  15:21  Viking, Marauder  
  150  15:23  Marauder  
  151  15:29  Viking  
  151  15:30  Viking  
  151  15:33  Viking  
  155  15:39  SCV x4  
  159  15:44  Planetary Fortress  
  159  15:50  Ghost  
  159  15:51  SCV x4  
  159  15:53  Ghost  
  167  16:01  Viking  
  167  16:04  Viking  
  171  16:08  Missile Turret  
  171  16:12  Viking  
  171  16:16  Viking  
  175  16:25  Terran Ship Weapons Level 1  
  175  16:29  Marauder  
  175  16:31  Viking  
  181  16:44  Viking  
  181  16:45  Ghost  
  181  16:46  Marauder  
  181  16:47  Marauder x2  
  189  16:48  Marine  
  189  16:49  Marine x2  
  189  16:50  Marauder, Refinery  
  189  16:51  Marine x2  
  195  17:01  Marine  
  177  17:06  Marine  
  177  17:08  Marauder x3  
  175  17:09  Marine x3  
  175  17:10  Ghost  
  175  17:14  Ghost, Marine  
  183  17:19  Marine  
  184  17:27  Marine x3, Medivac x2  
  184  17:29  Marauder x3  
  197  17:30  Marine  
  197  17:33  Marine  
  197  17:37  Marine  
  198  17:43  Marauder  
  182  17:53  Ghost x2, Marauder  
  182  17:54  Marauder  
  186  18:19  Marine  
  173  18:30  Supply Depot, Marine  
  173  18:31  Marine  
  173  18:35  Supply Depot  
  172  18:43  Marauder  
  172  18:44  Viking, Medivac  
  172  18:45  Medivac, Marauder  
  170  18:49  Medivac  
  170  18:53  Marine x3  
  175  18:56  Marauder  
  177  19:08  Marauder  
  179  19:10  Marauder x2  
  179  19:25  Marauder x2  
  171  19:34  Marauder  
  139  19:45  Marine x2  
  111  19:50  Marine  
  111  19:51  Marine  
  108  19:57  Orbital Command, Marine  
  109  20:02  Marine  
  109  20:06  Marine  
  88  20:10  Marine  
  78  20:15  Marine  
  78  20:18  Marine  
Tags
 
Add a new tag
Caveats
  • Supply blocks, unpowered buildings, or Contaminate may cause inaccurate times.
  • Supply counts are checked every 10 seconds.